 Dungeon Crawl Stone Soup version bcrawl-1.28.5 (console) character file.

Game seed: 10066808278381970805

209871 GodsVoicemail the Conjurer (level 9, -15/62 HPs)
             Began as a Demonspawn Wizard on Feb 18, 2021.
             Demolished by a komodo dragon (25 damage)
             ... on level 7 of the Dungeon.
             The game lasted 00:57:22 (8137 turns).

GodsVoicemail the Conjurer (Demonspawn Wizard)      Turns: 8137, Time: 00:57:22

Health: -15/62     AC:  7    Str: 14    XL:     9   Next: 17%
Magic:  17/17      EV: 18    Int: 22    God:
Gold:   344        SH:  0    Dex: 16    Spells: 8/19 levels left

rFire    . . .     SeeInvis .   a - +12 quarterstaff {crush, *Drain +Fly rElec rC+}
rCold    + + .     Gourm    .   (shield currently unavailable)
rNeg     . . .     Faith    .   b - +0 robe
rPois    .         Spirit   .   c - +0 hat
rElec    +         Reflect  .   (no cloak)
rCorr    .         Harm     .   l - +1 pair of gloves
MR       .....                  B - +0 pair of boots
Stlth    ++++......             y - amulet "Zasix" {Regen rF+ Stlth+}
HPRegen  0.71/turn              u - ring "Zaff" {Ice Stlth+}
MPRegen  0.15/turn              (no ring)

@: confused, mighty, agile, invisible
A: hooves 2, icy blue scales 1, powered by pain 1
a: Evoke Flight


You were on level 7 of the Dungeon.
You were not hungry.

You visited 1 branch of the dungeon, and saw 7 of its levels.

You collected 434 gold pieces.
You spent 90 gold pieces at shops.

Inventory:

Hand Weapons
 a - the +12 quarterstaff "Juastrikk" (weapon) {crush, *Drain +Fly rElec rC+}
   (You took it off an orc on level 6 of the Dungeon)

   It will always inflict at least some extra damage.
   This minimum extra damage increases with your current reserve of magical
   power.
   It protects you from cold.
   It insulates you from electricity.
   It lets you fly.
   It causes draining when unequipped.
Armour
 b - a +0 robe (worn)
 c - a +0 hat (worn)
 l - a +1 pair of gloves (worn)
 v - a +0 leather armour of fire resistance
 x - a +0 ring mail
 B - a +0 pair of boots (worn)
Jewellery
 g - an uncursed amulet of faith
 u - the ring "Zaff" (left hand) {Ice Stlth+}
   (You took it off a goblin on level 3 of the Dungeon)

   [ring of ice]

   It enhances your ice magic.
   It makes you vulnerable to fire.
   It protects you from cold.
   It makes you more stealthy.
 y - the amulet "Zasix" (around neck) {Regen rF+ Stlth+}
   (You bought it in a shop on level 4 of the Dungeon)

   [amulet of regeneration]

   It protects you from fire.
   It makes you more stealthy.
Wands
 i - a wand of enslavement (8)
 k - a wand of paralysis (7)
 n - a wand of polymorph (8)
 s - a wand of random effects (9)
Scrolls
 d - 4 scrolls of remove curse
 h - 3 scrolls of identify
 j - 3 scrolls of teleportation
 p - a scroll of noise {unknown}
Potions
 f - a potion of brilliance
 m - 2 potions of mutation
 q - 3 potions of ambrosia
 r - a potion of lignification {unknown}
 t - a potion of haste
 w - a potion of degeneration {unknown}
Comestibles
 e - 8 rations {!d}
 z - 2 chunks of flesh


   Skills:
 * Level 2.9 Fighting
 * Level 1.4 Staves
 + Level 2.6 Dodging
 - Level 2.0 Stealth
 * Level 5.9 Spellcasting
 - Level 7.5 Conjurations
 + Level 2.2 Summonings
 - Level 2.0 Translocations
 + Level 2.8 Fire Magic
 + Level 2.8 Air Magic
 + Level 2.9 Poison Magic


You had 8 spell levels left.
You knew the following spells:

 Your Spells              Type           Power        Failure   Level  Hunger
a - Magic Dart            Conj           ####         1%          1    None
b - Blink                 Tloc           N/A          6%          2    None
c - Mephitic Cloud        Conj/Pois/Air  ####....     4%          3    ##.....
d - Conjure Flame         Conj/Fire      ####....     3%          3    ##.....
e - Call Imp              Summ           ###...       5%          2    None

Your spell library contained the following spells:

 Spells                   Type           Power        Failure   Level  Hunger
 Spider Form              Tmut/Pois      ##.          16%         3    ##.....


Dungeon Overview and Level Annotations

Branches:
Dungeon (7/12)             Temple (0/1) D:7            Lair (0/6) D:7

Altars:
Elyvilon
Makhleb
Sif Muna
Trog
Xom

Shops:
D:4 *   D:5 (

Annotations:
D:3 1 exclusion, Grinder


Innate Abilities, Weirdness & Mutations

You have hoof-like feet.
You are partially covered in icy blue scales. (AC +2)
You sometimes gain a little power by taking damage.


Message History

The komodo dragon bites you!! The komodo dragon bites you.
You feel much better.
You bump into the rock wall.
The komodo dragon bites you!!
You bump into the rock wall.
The komodo dragon seems less confused.
The komodo dragon bites you.
You are more confused.
You feel invigorated.
The komodo dragon bites you but does no damage.
The komodo dragon bites you!
You focus on the pain.
You feel agile all of a sudden.
You bump into the rock wall.
The komodo dragon bites you!!
Ouch! That really hurt!
* * * LOW HITPOINT WARNING * * *
You focus on the pain.
You feel very mighty all of a sudden.
You fade into invisibility!
The komodo dragon bites you!!
You die... ##.# ##.# ##...# ##.# #P...$# #..# PP.....

#.## PPP....##
#.# PPPP....#
#.# PPPP..P.##
#.# PPP.P....#
#####.#
P....P.l@#
#.....##
P.>....).#
##......#
P...P..#)#
#..._...#
PPPPP..#.#
#.......#
#PPPPP##.##
##......##
######
#..###..####.#
##.....## #.#
##.)..## #.#
####..####.#


You could see a komodo dragon.

Vanquished Creatures
  Prince Ribbit (D:5)
  Sigmund (D:5)
  A hungry ghost (D:6)
  2 black bears (D:7)
  An ice beast (D:4)
  An orc warrior (D:4)
  2 ogres (D:7)
  A phantom (D:7)
  A centaur (D:7)
  3 bullfrogs
  A big kobold (D:7)
  2 scorpions
  2 howler monkeys
  A centaur zombie (D:7)
  A crimson imp (D:6)
  A hound (D:4)
  4 orc priests
  5 orc wizards
  A centaur skeleton (D:4)
  Terence (D:2)
  An iguana (D:7)
  3 worker ants
  2 hound skeletons
  10 adders
  A shadow imp (D:4)
  An ooze (D:6)
  3 worms
  4 leopard geckos
  17 orcs
  4 ball pythons
  3 bats
  A giant cockroach (D:1)
  3 goblins
  7 hobgoblins
  2 jackals
  12 kobolds
  2 quokkas
  4 frilled lizards
  A jackal skeleton (D:6)
  5 rats
  A plant (D:7)
120 creatures vanquished.

Vanquished Creatures (others)
  3 plants (D:7)
3 creatures vanquished.

Grand Total: 123 creatures vanquished

Notes
Turn   | Place    | Note
-------+----------+-------------------------------------------
     0 | D:1      | GodsVoicemail the Demonspawn Wizard began the quest for the
                  | Orb.
     0 | D:1      | Reached XP level 1. HP: 13/13 MP: 4/4
   842 | D:2      | Reached skill level 2 in Conjurations
   929 | D:2      | Gained mutation: You sometimes gain a little power by
                  | taking damage. [demonic ancestry]
   929 | D:2      | Reached XP level 2. HP: 17/19 MP: 0/6
   973 | D:2      | Noticed Terence
  1155 | D:2      | Learned a level 2 spell: Blink
  1169 | D:2      | Learned a level 2 spell: Call Imp
  1413 | D:2      | Found a shimmering altar of Xom.
  1413 | D:2      | Found a white marble altar of Elyvilon.
  1947 | D:3      | Noticed Grinder
  2184 | D:3      | Reached skill level 3 in Conjurations
  2221 | D:3      | Gained mutation: You have large cloven feet. [demonic
                  | ancestry]
  2221 | D:3      | Reached XP level 3. HP: 18/24 MP: 1/7
  2228 | D:3      | Identified the ring "Zaff" {Ice Stlth+}
  2435 | D:3      | Learned a level 3 spell: Mephitic Cloud
  2590 | D:3      | Found a shimmering blue altar of Sif Muna.
  2610 | D:3      | Reached XP level 4. HP: 30/30 MP: 2/8
  2645 | D:3      | Reached skill level 4 in Conjurations
  3916 | D:3      | Reached skill level 5 in Conjurations
  3916 | D:3      | Gained mutation: You are partially covered in icy blue
                  | scales. (AC +2) [demonic ancestry]
  3916 | D:3      | Reached XP level 5. HP: 34/35 MP: 2/9
  3952 | D:4      | Noticed an ice beast
  3990 | D:4      | Killed an ice beast
  3991 | D:4      | Reached skill level 6 in Conjurations
  4101 | D:4      | Found Omasche's Assorted Antiques.
  4105 | D:4      | Noticed an orc warrior
  4110 | D:4      | Bought a shimmering copper amulet for 90 gold pieces
  4121 | D:4      | Identified the amulet "Zasix" {Regen rF+ Stlth+} (You
                  | bought it in a shop on level 4 of the Dungeon)
  4218 | D:4      | Reached XP level 6. HP: 36/41 MP: 1/10
  4278 | D:4      | Learned a level 3 spell: Conjure Flame
  4924 | D:2      | Killed Terence
  4925 | D:2      | Reached skill level 1 in Translocations
  5024 | D:5      | Entered Level 5 of the Dungeon
  5057 | D:5      | Found Byxzasuw's Antique Weapon Boutique.
  5168 | D:5      | Noticed Prince Ribbit
  5243 | D:5      | Noticed Sigmund
  5291 | D:5      | Killed Sigmund
  5292 | D:5      | Reached skill level 7 in Conjurations
  5292 | D:5      | Reached skill level 1 in Air Magic
  5292 | D:5      | Reached skill level 1 in Poison Magic
  5292 | D:5      | Gained mutation: You have hoof-like feet. [demonic
                  | ancestry]
  5292 | D:5      | Reached XP level 7. HP: 28/46 MP: 2/12
  5297 | D:5      | Reached skill level 1 in Fire Magic
  5731 | D:5      | Killed Prince Ribbit
  5937 | D:6      | Noticed a hungry ghost
  5950 | D:6      | Killed a hungry ghost
  5951 | D:6      | Reached XP level 8. HP: 52/52 MP: 2/14
  6245 | D:6      | Identified the +12 quarterstaff "Juastrikk" {crush, *Drain
                  | +Fly rElec rC+}
  6320 | D:6      | Reached skill level 5 in Spellcasting
  6667 | D:6      | Reached skill level 1 in Fighting
  7309 | D:7      | Found a staircase to the Ecumenical Temple.
  7530 | D:7      | Reached skill level 1 in Staves
  7530 | D:7      | Reached XP level 9. HP: 58/62 MP: 8/17
  7599 | D:7      | Found a burning altar of Makhleb.
  7629 | D:7      | Found a staircase to the Lair.
  7630 | D:7      | Noticed a komodo dragon
  7883 | D:7      | Found a bloodstained altar of Trog.
  8137 | D:7      | Demolished by a komodo dragon

Skill      XL: |  1  2  3  4  5  6  7  8 |
---------------+-------------------------+-----
Conjurations   | 2 3 5 6 7 |  7.5
Translocations | 1 2 |  2.0
Air Magic      | 1 2 |  2.8
Poison Magic   | 1 2 |  2.9
Fire Magic     | 2 |  2.8
Spellcasting   | 4 5 |  5.9
Fighting       | 2 |  2.9
Dodging        | 2 |  2.6
Summonings     | 2 |  2.2
Staves         | 1 |  1.4
Stealth        | |  2.0

Action                   |  1- 3 |  4- 6 |  7- 9 || total
-------------------------+-------+-------+-------++-------
Melee: Staff             |     2 |    35 |    14 ||    51
       Kick              |       |     6 |     2 ||     8
       Quarterstaff      |       |       |    29 ||    29
 Cast: Magic Dart        |    87 |   109 |   114 ||   310
       Call Imp          |       |     4 |     2 ||     6
       Mephitic Cloud    |       |     6 |    27 ||    33
       Conjure Flame     |       |       |    10 ||    10
       Blink             |       |       |     1 ||     1
Evoke: Wand              |       |    10 |     3 ||    13
  Use: Scroll            |     8 |     2 |     3 ||    13
       Potion            |       |     5 |     3 ||     8
 Stab: Confused          |       |       |     2 ||     2
  Eat: Chunk             |     6 |    11 |    11 ||    28
       Ration            |       |     1 |     1 ||     2
Armor: Robe              |    14 |    12 |     7 ||    33
Dodge: Dodged            |    34 |    28 |    22 ||    84
